Workbook

Sheet Itinerary
A1: Date | B1: Time | C1: Departure/Arrival | D1: Location | E1: Duration | F1: Accomodation
A2: Day 1 | B2: 0.76736111 | C2: Departure | D2: Vancouver
A3: Day 2 | B3: 0.55208333 | C3: Arrival | D3: Munich
A4: Day 2 | B4: 0.63194444 | C4: Departure | D4: Munich
A5: Day 2 | B5: 0.69791667 | C5: Arrival | D5: Naples
A6: Day 3
A7: Day 3
A8: Day 4
A9: Day 5
A10: Day 6
A11: Day 7
A12: Day 8 | B12: 0.52083333 | C12: Departure | D12: Naples
A13: Day 8 | B13: 0.61458333 | C13: Arrival | D13: Lisbon
A14: Day 9
A15: Day 10
A16: Day 11
A17: Day 12
A18: Day 13
A19: Day 14
A20: Day 15
A21: Day 16 | B21: 0.28125 | C21: Departure | D21: Lisbon
A22: Day 16 | B22: 0.44444444 | C22: Arrival | D22: Frankfurt
A23: Day 16 | B23: 0.55555556 | C23: Departure | D23: Frankfurt
A24: Day 16 | B24: 0.59375 | C24: Arrival | D24: Vancouver

Sheet Italy
B1: $CAD
A2: Budget | B2: 6500
A3: Total Vacation Cost (Activities + Food) | B3: =I143 -> 6321.78
A4: $ Available | B4: =B2-B3 -> 178.22
A5: $ Actual Spent | B5: =K143 -> 0
A7: Day | B7: Date | C7: Time | D7: Activity | E7: Category | F7: Travel Time | G7: Transit | H7: Budget Cost (Euro) | I7: Budget Cost ($CAD) | J7: Actual Cost (Euro) | K7: Actual Cost ($CAD) | L7: Notes
A8: 1 | B8: 44834 | C8: 0.33333333 | I8: =Italy!$H8*1.38 -> 0 | K8: =Italy!$J8*1.38 -> 0
A9: =$A$8 -> 1 | B9: =B8 -> 44834 | C9: 0.375 | I9: =Italy!$H9*1.38 -> 0 | K9: =Italy!$J9*1.38 -> 0
A10: =$A$8 -> 1 | B10: =B9 -> 44834 | C10: 0.41666667 | I10: =Italy!$H10*1.38 -> 0 | K10: =Italy!$J10*1.38 -> 0
A11: =$A$8 -> 1 | B11: =B10 -> 44834 | C11: 0.45833333 | I11: =Italy!$H11*1.38 -> 0 | K11: =Italy!$J11*1.38 -> 0
A12: =$A$8 -> 1 | B12: =B11 -> 44834 | C12: 0.5 | I12: =Italy!$H12*1.38 -> 0 | K12: =Italy!$J12*1.38 -> 0
A13: =$A$8 -> 1 | B13: =B12 -> 44834 | C13: 0.54166667 | I13: =Italy!$H13*1.38 -> 0 | K13: =Italy!$J13*1.38 -> 0
A14: =$A$8 -> 1 | B14: =B13 -> 44834 | C14: 0.58333333 | I14: =Italy!$H14*1.38 -> 0 | K14: =Italy!$J14*1.38 -> 0
A15: =$A$8 -> 1 | B15: =B14 -> 44834 | C15: 0.625 | I15: =Italy!$H15*1.38 -> 0 | K15: =Italy!$J15*1.38 -> 0
A16: =$A$8 -> 1 | B16: =B15 -> 44834 | C16: 0.66666667 | I16: =Italy!$H16*1.38 -> 0 | K16: =Italy!$J16*1.38 -> 0
A17: =$A$8 -> 1 | B17: =B16 -> 44834 | C17: 0.70833333 | D17: Dinner (Airport) | E17: Food | H17: 20 | I17: =Italy!$H17*1.38 -> 27.6 | K17: =Italy!$J17*1.38 -> 0
A18: =$A$8 -> 1 | B18: =B17 -> 44834 | C18: 0.75 | D18: Flight Vancouver --> Munich --> Naples | E18: Travel | H18: 1800 | I18: =Italy!$H18*1.38 -> 2484 | K18: =Italy!$J18*1.38 -> 0
A19: =$A$8 -> 1 | B19: =B18 -> 44834 | C19: 0.79166667 | I19: =Italy!$H19*1.38 -> 0 | K19: =Italy!$J19*1.38 -> 0
A20: =$A$8 -> 1 | B20: =B19 -> 44834 | C20: 0.83333333 | I20: =Italy!$H20*1.38 -> 0 | K20: =Italy!$J20*1.38 -> 0
A21: =$A$8 -> 1 | B21: =B20 -> 44834 | C21: 0.875 | I21: =Italy!$H21*1.38 -> 0 | K21: =Italy!$J21*1.38 -> 0
A22: =$A$8 -> 1 | B22: =B21 -> 44834 | C22: 0.91666667 | I22: =Italy!$H22*1.38 -> 0 | K22: =Italy!$J22*1.38 -> 0
A23: =$A$8+1 -> 2 | B23: =B8+1 -> 44835 | C23: 0.33333333 | I23: =Italy!$H23*1.38 -> 0 | K23: =Italy!$J23*1.38 -> 0
A24: =$A$8+1 -> 2 | B24: =B23 -> 44835 | C24: 0.375 | I24: =Italy!$H24*1.38 -> 0 | K24: =Italy!$J24*1.38 -> 0
A25: =$A$8+1 -> 2 | B25: =B24 -> 44835 | C25: 0.41666667 | I25: =Italy!$H25*1.38 -> 0 | K25: =Italy!$J25*1.38 -> 0
A26: =$A$8+1 -> 2 | B26: =B25 -> 44835 | C26: 0.45833333 | I26: =Italy!$H26*1.38 -> 0 | K26: =Italy!$J26*1.38 -> 0
A27: =$A$8+1 -> 2 | B27: =B26 -> 44835 | C27: 0.5 | I27: =Italy!$H27*1.38 -> 0 | K27: =Italy!$J27*1.38 -> 0
A28: =$A$8+1 -> 2 | B28: =B27 -> 44835 | C28: 0.54166667 | I28: =Italy!$H28*1.38 -> 0 | K28: =Italy!$J28*1.38 -> 0
A29: =$A$8+1 -> 2 | B29: =B28 -> 44835 | C29: 0.58333333 | I29: =Italy!$H29*1.38 -> 0 | K29: =Italy!$J29*1.38 -> 0
A30: =$A$8+1 -> 2 | B30: =B29 -> 44835 | C30: 0.625 | I30: =Italy!$H30*1.38 -> 0 | K30: =Italy!$J30*1.38 -> 0
A31: =$A$8+1 -> 2 | B31: =B30 -> 44835 | C31: 0.66666667 | D31: Arrive at Naples International Airport | E31: Travel | H31: 0 | I31: =Italy!$H31*1.38 -> 0 | K31: =Italy!$J31*1.38 -> 0
A32: =$A$8+1 -> 2 | B32: =B31 -> 44835 | C32: 0.70833333 | D32: Pick-up car | E32: Car | H32: 750 | I32: =Italy!$H32*1.38 -> 1035 | K32: =Italy!$J32*1.38 -> 0
A33: =$A$8+1 -> 2 | B33: =B32 -> 44835 | C33: 0.75 | D33: Check in Airbnb | E33: Accomodation | F33: 52min drive | H33: 0 | I33: =Italy!$H33*1.38 -> 0 | K33: =Italy!$J33*1.38 -> 0
A34: =$A$8+1 -> 2 | B34: =B33 -> 44835 | C34: 0.79166667 | D34: Dinner (La Baita 8pm-12am, Closed Mondays) | E34: Food | F34: 2min drive | H34: 30 | I34: =Italy!$H34*1.38 -> 41.4 | K34: =Italy!$J34*1.38 -> 0
A35: =$A$8+1 -> 2 | B35: =B34 -> 44835 | C35: 0.83333333 | I35: =Italy!$H35*1.38 -> 0 | K35: =Italy!$J35*1.38 -> 0
A36: =$A$8+1 -> 2 | B36: =B35 -> 44835 | C36: 0.875 | D36: Airbnb | E36: Accomodation | F36: 2min drive | H36: 100 | I36: =Italy!$H36*1.38 -> 138 | K36: =Italy!$J36*1.38 -> 0 | L36: Località Borrello, Cava de' Tirreni, Campania 84013, Italy
A37: =$A$8+1 -> 2 | B37: =B36 -> 44835 | C37: 0.91666667 | D37: Parking/Tolls | E37: Car | H37: 3 | I37: =Italy!$H37*1.38 -> 4.14 | K37: =Italy!$J37*1.38 -> 0
A38: =$A$8+2 -> 3 | B38: =B23+1 -> 44836 | C38: 0.33333333 | I38: =Italy!$H38*1.38 -> 0 | K38: =Italy!$J38*1.38 -> 0
A39: =$A$8+2 -> 3 | B39: =B38 -> 44836 | C39: 0.375 | D39: Castello di Arechi (9am-3pm, Closed Mondays) | E39: Activity | F39: 17min drive | H39: =4*2 -> 8 | I39: =Italy!$H39*1.38 -> 11.04 | K39: =Italy!$J39*1.38 -> 0
A40: =$A$8+2 -> 3 | B40: =B39 -> 44836 | C40: 0.41666667 | I40: =Italy!$H40*1.38 -> 0 | K40: =Italy!$J40*1.38 -> 0
A41: =$A$8+2 -> 3 | B41: =B40 -> 44836 | C41: 0.45833333 | I41: =Italy!$H41*1.38 -> 0 | K41: =Italy!$J41*1.38 -> 0
A42: =$A$8+2 -> 3 | B42: =B41 -> 44836 | C42: 0.5 | D42: Salerno Cathedral (8:30am-1pm, 4-8pm Sundays, 8:30am-8pm Mon-Sat) | E42: Activity | F42: 11min drive | H42: 0 | I42: =Italy!$H42*1.38 -> 0 | K42: =Italy!$J42*1.38 -> 0 | L42: Park at Parcheggio Liberta in Salerno
A43: =$A$8+2 -> 3 | B43: =B42 -> 44836 | C43: 0.54166667 | D43: Lunch in Salerno (Osteria dei Mercanti 12-11:30pm) | E43: Food | F43: 2min walk | H43: 30 | I43: =Italy!$H43*1.38 -> 41.4 | K43: =Italy!$J43*1.38 -> 0
A44: =$A$8+2 -> 3 | B44: =B43 -> 44836 | C44: 0.58333333 | D44: Gelato at Giallo Limone (9am-11pm, Closed Monday) | E44: Food | F44: 9min walk | H44: 5 | I44: =Italy!$H44*1.38 -> 6.9 | K44: =Italy!$J44*1.38 -> 0
A45: =$A$8+2 -> 3 | B45: =B44 -> 44836 | C45: 0.625 | D45: Medieval Aqueduct (Open 24 hours) | E45: Activity | F45: 6min walk | H45: 0 | I45: =Italy!$H45*1.38 -> 0 | K45: =Italy!$J45*1.38 -> 0
A46: =$A$8+2 -> 3 | B46: =B45 -> 44836 | C46: 0.66666667 | D46: Giardino della Minerva (9:30am-7pm, Closed Mondays) | E46: Activity | F46: 16min walk | H46: =3*2 -> 6 | I46: =Italy!$H46*1.38 -> 8.28 | K46: =Italy!$J46*1.38 -> 0 | L46: 3 euros/person entrance fee
A47: =$A$8+2 -> 3 | B47: =B46 -> 44836 | C47: 0.70833333 | D47: Walk along Salerno Harbour (Piazza della Liberta, Spiaggia Santa, and Lungomare Trieste) | E47: Activity | F47: 12min walk | H47: 0 | I47: =Italy!$H47*1.38 -> 0 | K47: =Italy!$J47*1.38 -> 0
A48: =$A$8+2 -> 3 | B48: =B47 -> 44836 | C48: 0.75 | D48: Dinner at Nonna Nannina Cucina Genuina (6-11:45pm, Closed Mondays) | E48: Food | F48: 17min drive | H48: 30 | I48: =Italy!$H48*1.38 -> 41.4 | K48: =Italy!$J48*1.38 -> 0
A49: =$A$8+2 -> 3 | B49: =B48 -> 44836 | C49: 0.79166667 | I49: =Italy!$H49*1.38 -> 0 | K49: =Italy!$J49*1.38 -> 0
A50: =$A$8+2 -> 3 | B50: =B49 -> 44836 | C50: 0.83333333 | I50: =Italy!$H50*1.38 -> 0 | K50: =Italy!$J50*1.38 -> 0
A51: =$A$8+2 -> 3 | B51: =B50 -> 44836 | C51: 0.875 | D51: Airbnb | E51: Accomodation | F51: 12min drive | H51: 100 | I51: =Italy!$H51*1.38 -> 138 | K51: =Italy!$J51*1.38 -> 0 | L51: Località Borrello, Cava de' Tirreni, Campania 84013, Italy
A52: =$A$8+2 -> 3 | B52: =B51 -> 44836 | C52: 0.91666667 | D52: Parking/Tolls | E52: Car | H52: 20 | I52: =Italy!$H52*1.38 -> 27.6 | K52: =Italy!$J52*1.38 -> 0
A53: =$A$8+3 -> 4 | B53: =B38+1 -> 44837 | C53: 0.33333333 | I53: =Italy!$H53*1.38 -> 0 | K53: =Italy!$J53*1.38 -> 0
A54: =$A$8+3 -> 4 | B54: =B53 -> 44837 | C54: 0.375 | D54: Chiesa di Santissima Annunziata | E54: Activity | F54: 12min walk | H54: 0 | I54: =Italy!$H54*1.38 -> 0 | K54: =Italy!$J54*1.38 -> 0
A55: =$A$8+3 -> 4 | B55: =B54 -> 44837 | C55: 0.41666667 | I55: =Italy!$H55*1.38 -> 0 | K55: =Italy!$J55*1.38 -> 0
A56: =$A$8+3 -> 4 | B56: =B55 -> 44837 | C56: 0.45833333 | D56: Coffee at Al Caf3 Lamberti | E56: Food | F56: 1min walk | H56: 5 | I56: =Italy!$H56*1.38 -> 6.9 | K56: =Italy!$J56*1.38 -> 0
A57: =$A$8+3 -> 4 | B57: =B56 -> 44837 | C57: 0.5 | D57: Pick up groceries at Mini Market Di Noviello) | E57: Food | F57: 1min walk | H57: 15 | I57: =Italy!$H57*1.38 -> 20.7 | K57: =Italy!$J57*1.38 -> 0
A58: =$A$8+3 -> 4 | B58: =B57 -> 44837 | C58: 0.54166667 | D58: Lunch (Charcuterie) | E58: Food | F58: 17min walk | H58: 0 | I58: =Italy!$H58*1.38 -> 0 | K58: =Italy!$J58*1.38 -> 0
A59: =$A$8+3 -> 4 | B59: =B58 -> 44837 | C59: 0.58333333 | D59: Vietri sur Mel Beach | E59: Activity | F59: 14min drive | H59: 0 | I59: =Italy!$H59*1.38 -> 0 | K59: =Italy!$J59*1.38 -> 0
A60: =$A$8+3 -> 4 | B60: =B59 -> 44837 | C60: 0.625 | D60: Chiessa Parrocchiale di San Giovanni Battista | E60: Activity | F60: 5min walk | H60: 0 | I60: =Italy!$H60*1.38 -> 0 | K60: =Italy!$J60*1.38 -> 0
A61: =$A$8+3 -> 4 | B61: =B60 -> 44837 | C61: 0.66666667 | D61: Wander Vietri sul Mare | E61: Activity | H61: 0 | I61: =Italy!$H61*1.38 -> 0 | K61: =Italy!$J61*1.38 -> 0
A62: =$A$8+3 -> 4 | B62: =B61 -> 44837 | C62: 0.70833333 | D62: Dolcefreddo for Gelato | E62: Food | F62: 3min walk | H62: 5 | I62: =Italy!$H62*1.38 -> 6.9 | K62: =Italy!$J62*1.38 -> 0
A63: =$A$8+3 -> 4 | B63: =B62 -> 44837 | C63: 0.75 | I63: =Italy!$H63*1.38 -> 0 | K63: =Italy!$J63*1.38 -> 0
A64: =$A$8+3 -> 4 | B64: =B63 -> 44837 | C64: 0.79166667 | D64: Dinner at Airbnb (Groceries) | E64: Food | F64: 15min drive | H64: 30 | I64: =Italy!$H64*1.38 -> 41.4 | K64: =Italy!$J64*1.38 -> 0
A65: =$A$8+3 -> 4 | B65: =B64 -> 44837 | C65: 0.83333333 | I65: =Italy!$H65*1.38 -> 0 | K65: =Italy!$J65*1.38 -> 0
A66: =$A$8+3 -> 4 | B66: =B65 -> 44837 | C66: 0.875 | D66: Airbnb | E66: Accomodation | H66: 100 | I66: =Italy!$H66*1.38 -> 138 | K66: =Italy!$J66*1.38 -> 0 | L66: Località Borrello, Cava de' Tirreni, Campania 84013, Italy
A67: =$A$8+3 -> 4 | B67: =B66 -> 44837 | C67: 0.91666667 | D67: Parking/Tolls | E67: Car | H67: 20 | I67: =Italy!$H67*1.38 -> 27.6 | K67: =Italy!$J67*1.38 -> 0
A68: =$A$8+4 -> 5 | B68: =B53+1 -> 44838 | C68: 0.33333333 | I68: =Italy!$H68*1.38 -> 0 | K68: =Italy!$J68*1.38 -> 0
A69: =$A$8+4 -> 5 | B69: =B68 -> 44838 | C69: 0.375 | D69: Drive to Vietri Sul Mare | E69: Car | F69: 15min drive | H69: 0 | I69: =Italy!$H69*1.38 -> 0 | K69: =Italy!$J69*1.38 -> 0
A70: =$A$8+4 -> 5 | B70: =B69 -> 44838 | C70: 0.41666667 | D70: Ferry to Amalfi | E70: Travel | F70: 45min ferry | H70: 16 | I70: =Italy!$H70*1.38 -> 22.08 | K70: =Italy!$J70*1.38 -> 0 | L70: https://www.travelmar.it/en/index
A71: =$A$8+4 -> 5 | B71: =B70 -> 44838 | C71: 0.45833333 | D71: Wander Amalfi (Costiera Amalfitana --> Amalfi's fountain (1min walk)) | E71: Activity | H71: 0 | I71: =Italy!$H71*1.38 -> 0 | K71: =Italy!$J71*1.38 -> 0
A72: =$A$8+4 -> 5 | B72: =B71 -> 44838 | C72: 0.5 | D72: Lunch Ristorante L'Abside (12-2:30pm, 6:30-9:30pm) | E72: Food | F72: 2min walk | H72: 50 | I72: =Italy!$H72*1.38 -> 69 | K72: =Italy!$J72*1.38 -> 0
A73: =$A$8+4 -> 5 | B73: =B72 -> 44838 | C73: 0.54166667 | D73: Duomo di Amalfi (10am-6pm) | E73: Activity | F73: 2min walk | H73: 0 | I73: =Italy!$H73*1.38 -> 0 | K73: =Italy!$J73*1.38 -> 0 | L73: Included in Cloister Admission, 3 euros/person
A74: =$A$8+4 -> 5 | B74: =B73 -> 44838 | C74: 0.58333333 | D74: Cloister of Paradise (9am-5:45 pm) | E74: Activity | F74: 1min walk | H74: =3*2 -> 6 | I74: =Italy!$H74*1.38 -> 8.28 | K74: =Italy!$J74*1.38 -> 0 | L74: Included in Cloister Admission, 3 euros/person
A75: =$A$8+4 -> 5 | B75: =B74 -> 44838 | C75: 0.625 | I75: =Italy!$H75*1.38 -> 0 | K75: =Italy!$J75*1.38 -> 0
A76: =$A$8+4 -> 5 | B76: =B75 -> 44838 | C76: 0.66666667 | D76: Beach in Atrani | E76: Activity | F76: 12min walk | H76: 0 | I76: =Italy!$H76*1.38 -> 0 | K76: =Italy!$J76*1.38 -> 0
A77: =$A$8+4 -> 5 | B77: =B76 -> 44838 | C77: 0.70833333 | D77: Gelato at Atrani | E77: Food | H77: 5 | I77: =Italy!$H77*1.38 -> 6.9 | K77: =Italy!$J77*1.38 -> 0
A78: =$A$8+4 -> 5 | B78: =B77 -> 44838 | C78: 0.75 | D78: Ferry back to Vietri Sul Mare | E78: Travel | F78: 45min ferry | H78: 16 | I78: =Italy!$H78*1.38 -> 22.08 | K78: =Italy!$J78*1.38 -> 0 | L78: https://www.travelmar.it/en/index
A79: =$A$8+4 -> 5 | B79: =B78 -> 44838 | C79: 0.79166667 | D79: Dinner at Istanbul Time Cafe Restaurant (10am-1am, Closed Wednesday) | E79: Food | F79: 8min drive | H79: 30 | I79: =Italy!$H79*1.38 -> 41.4 | K79: =Italy!$J79*1.38 -> 0
A80: =$A$8+4 -> 5 | B80: =B79 -> 44838 | C80: 0.83333333 | I80: =Italy!$H80*1.38 -> 0 | K80: =Italy!$J80*1.38 -> 0
A81: =$A$8+4 -> 5 | B81: =B80 -> 44838 | C81: 0.875 | D81: Airbnb | E81: Accomodation | F81: 13min drive | H81: 100 | I81: =Italy!$H81*1.38 -> 138 | K81: =Italy!$J81*1.38 -> 0 | L81: Località Borrello, Cava de' Tirreni, Campania 84013, Italy
A82: =$A$8+4 -> 5 | B82: =B81 -> 44838 | C82: 0.91666667 | D82: Parking/Tolls | E82: Car | H82: 25 | I82: =Italy!$H82*1.38 -> 34.5 | K82: =Italy!$J82*1.38 -> 0
A83: =$A$8+5 -> 6 | B83: =B68+1 -> 44839 | C83: 0.33333333 | I83: =Italy!$H83*1.38 -> 0 | K83: =Italy!$J83*1.38 -> 0
A84: =$A$8+5 -> 6 | B84: =B83 -> 44839 | C84: 0.375 | D84: Guided tour of Pompeii (9am-5:30pm) | E84: Activity | F84: 27min drive | H84: 80 | I84: =Italy!$H84*1.38 -> 110.4 | K84: =Italy!$J84*1.38 -> 0 | L84: Guided tour with an Archaeologist is ~40euros/person
A85: =$A$8+5 -> 6 | B85: =B84 -> 44839 | C85: 0.41666667 | I85: =Italy!$H85*1.38 -> 0 | K85: =Italy!$J85*1.38 -> 0
A86: =$A$8+5 -> 6 | B86: =B85 -> 44839 | C86: 0.45833333 | I86: =Italy!$H86*1.38 -> 0 | K86: =Italy!$J86*1.38 -> 0
A87: =$A$8+5 -> 6 | B87: =B86 -> 44839 | C87: 0.5 | D87: Lunch at Ristorante Pizzeria iMatti (12-4pm, 7-11:45pm) | E87: Food | F87: 14min walk | H87: 30 | I87: =Italy!$H87*1.38 -> 41.4 | K87: =Italy!$J87*1.38 -> 0
A88: =$A$8+5 -> 6 | B88: =B87 -> 44839 | C88: 0.54166667 | D88: Vietri sul Mare Beach | E88: Activity | F88: 26min drive | H88: 0 | I88: =Italy!$H88*1.38 -> 0 | K88: =Italy!$J88*1.38 -> 0
A89: =$A$8+5 -> 6 | B89: =B88 -> 44839 | C89: 0.58333333 | I89: =Italy!$H89*1.38 -> 0 | K89: =Italy!$J89*1.38 -> 0
A90: =$A$8+5 -> 6 | B90: =B89 -> 44839 | C90: 0.625 | I90: =Italy!$H90*1.38 -> 0 | K90: =Italy!$J90*1.38 -> 0
A91: =$A$8+5 -> 6 | B91: =B90 -> 44839 | C91: 0.66666667 | I91: =Italy!$H91*1.38 -> 0 | K91: =Italy!$J91*1.38 -> 0
A92: =$A$8+5 -> 6 | B92: =B91 -> 44839 | C92: 0.70833333 | D92: Wander Cava di' Tirreni (Piazza San Francesco and Franciscan Sanctuary --> Church of Santa Maria dell'Olmo (2min walk) --> Borgo Scacciaventi (4min walk)) | E92: Activity | F92: 7min drive | H92: 0 | I92: =Italy!$H92*1.38 -> 0 | K92: =Italy!$J92*1.38 -> 0
A93: =$A$8+5 -> 6 | B93: =B92 -> 44839 | C93: 0.75 | D93: Dinner Osteria Nonna Maria (12:30-3pm, 7:30pm-12am) | E93: Food | F93: 2min walk | H93: 30 | I93: =Italy!$H93*1.38 -> 41.4 | K93: =Italy!$J93*1.38 -> 0
A94: =$A$8+5 -> 6 | B94: =B93 -> 44839 | C94: 0.79166667 | I94: =Italy!$H94*1.38 -> 0 | K94: =Italy!$J94*1.38 -> 0
A95: =$A$8+5 -> 6 | B95: =B94 -> 44839 | C95: 0.83333333 | I95: =Italy!$H95*1.38 -> 0 | K95: =Italy!$J95*1.38 -> 0
A96: =$A$8+5 -> 6 | B96: =B95 -> 44839 | C96: 0.875 | D96: Airbnb | E96: Accomodation | F96: 9min drive | H96: 100 | I96: =Italy!$H96*1.38 -> 138 | K96: =Italy!$J96*1.38 -> 0 | L96: Località Borrello, Cava de' Tirreni, Campania 84013, Italy
A97: =$A$8+5 -> 6 | B97: =B96 -> 44839 | C97: 0.91666667 | D97: Parking/Tolls | E97: Car | H97: 30 | I97: =Italy!$H97*1.38 -> 41.4 | K97: =Italy!$J97*1.38 -> 0
A98: =$A$8+6 -> 7 | B98: =B83+1 -> 44840 | C98: 0.33333333 | D98: Drive to Vietri Sul Mare | E98: Car | F98: 15min drive | H98: 0 | I98: =Italy!$H98*1.38 -> 0 | K98: =Italy!$J98*1.38 -> 0
A99: =$A$8+6 -> 7 | B99: =B98 -> 44840 | C99: 0.375 | D99: Bus to Path of the Gods (Start at Bomerano di Agerola) | E99: Travel | F99: 2h transit | H99: 8 | I99: =Italy!$H99*1.38 -> 11.04 | K99: =Italy!$J99*1.38 -> 0 | L99: Bus tickets cannot be bought on bus, buy from a Tobacco shop.Take bus 5120 at Vietri Sul Mare to Amalfi and switch at Amalfi to 5080 to Bomerano
A100: =$A$8+6 -> 7 | B100: =B99 -> 44840 | C100: 0.41666667 | D100: Hike Path of the Gods (End in Nocelle) | E100: Activity | F100: 2h hike | H100: 0 | I100: =Italy!$H100*1.38 -> 0 | K100: =Italy!$J100*1.38 -> 0
A101: =$A$8+6 -> 7 | B101: =B100 -> 44840 | C101: 0.45833333 | I101: =Italy!$H101*1.38 -> 0 | K101: =Italy!$J101*1.38 -> 0
...

Sheet Portugal
B1: $CAD
A2: Budget | B2: 3500
A3: Total Vacation Cost (Activities + Food) | B3: =H138 -> 3281.985
A4: $ Available | B4: =B2-B3 -> 218.015
A5: $ Actual Spent | B5: =J138 -> 0
A7: Day | B7: Date | C7: Time | D7: Activity | E7: Category | F7: Travel Time | G7: Budget Cost (Euro) | H7: Budget Cost ($CAD) | I7: Actual Cost (Euro) | J7: Actual Cost ($CAD) | K7: Notes
A8: 1 | B8: =B18-1 -> 44842 | C8: 0.58333333 | D8: Arrive in Lisbon | E8: Travel | H8: =G8*1.38 -> 0 | J8: =I8*1.38 -> 0 | K8: Buy 72hour Lisboa Card
A9: 1 | B9: =B8 -> 44842 | C9: 0.625 | D9: Wander Barrio Alto Neighbourhood (Check in at Hotel earliest 3pm) | E9: Activity | F9: 1h 2min transit | G9: 0 | H9: =G9*1.38 -> 0 | J9: =I9*1.38 -> 0
A10: 1 | B10: =B9 -> 44842 | C10: 0.66666667 | D10: Carmo Convent Ruins (10am-7pm, Closed Sundays) | E10: Travel | F10: 19min walk | G10: =5*2*0.8 -> 8 | H10: =G10*1.38 -> 11.04 | J10: =I10*1.38 -> 0 | K10: 20% discount with Lisboa Card
A11: 1 | B11: =B10 -> 44842 | C11: 0.70833333 | D11: Santa Justa Lift (7am-10:45pm) | E11: Activity | F11: 5min walk | G11: 0 | H11: =G11*1.38 -> 0 | J11: =I11*1.38 -> 0 | K11: Included with Lisboa Card
A12: 1 | B12: =B11 -> 44842 | C12: 0.75 | D12: Dinner (Leve Leve - Tapas Bar 1pm-12am, Closed Sundays) | E12: Food | F12: 11min walk | G12: 30 | H12: =G12*1.38 -> 41.4 | J12: =I12*1.38 -> 0
A13: 1 | B13: =B12 -> 44842 | C13: 0.79166667 | D13: Fado Show starts at 8:30 pm (Tasca do Chico on Rua do Loreto 2 7pm-2am) | E13: Activity | F13: 3min walk | G13: 10 | H13: =G13*1.38 -> 13.8 | J13: =I13*1.38 -> 0
A14: 1 | B14: =B13 -> 44842 | C14: 0.83333333 | D14: Dessert at Manteigaria (8am-12am) | E14: Food | F14: 2min walk | G14: 3 | H14: =G14*1.38 -> 4.14 | J14: =I14*1.38 -> 0
A15: 1 | B15: =B14 -> 44842 | C15: 0.85416667 | H15: =G15*1.38 -> 0 | J15: =I15*1.38 -> 0
A16: 1 | B16: =B14 -> 44842 | C16: 0.875 | D16: Hotel (Lisbon) | E16: Accomodation | F16: 15min walk | G16: 100 | H16: =G16*1.38 -> 138 | J16: =I16*1.38 -> 0 | K16: Casas de Sao Bento, Rua Correia Garcao, 3 Lisbon, 1200-640, Portugal; 8 euros for Lisbon Tax
A17: 1 | B17: =B16 -> 44842 | C17: 0.91666667 | D17: Transit (72hour Lisboa Card) | E17: Travel | G17: =44*2 -> 88 | H17: =G17*1.38 -> 121.44 | J17: =I17*1.38 -> 0 | K17: https://www.golisbon.com/Lisboa-Card/LisboaCard.pdf
A18: 2 | B18: 44843 | C18: 0.33333333 | H18: =Portugal!$G18*1.38 -> 0 | J18: =Portugal!$I18*1.38 -> 0
A19: =$A$18 -> 2 | B19: =B18 -> 44843 | C19: 0.375 | D19: Breakfast Pasteis de Belem (8am-10pm) (Snack Pastel de Nata) | E19: Food | F19: 22min transit | G19: 10 | H19: =Portugal!$G19*1.38 -> 13.8 | J19: =Portugal!$I19*1.38 -> 0
A20: =$A$18 -> 2 | B20: =B19 -> 44843 | C20: 0.41666667 | D20: Padrao dos Descobrimentos --> Belem Tower (10am-5:30pm, Closed Monday) (10min walk) | E20: Activity | F20: 10min walk | G20: 0 | H20: =Portugal!$G20*1.38 -> 0 | J20: =Portugal!$I20*1.38 -> 0 | K20: Included with Lisboa Card; without 6 euros/person
A21: =$A$18 -> 2 | B21: =B20 -> 44843 | C21: 0.45833333 | D21: Monastery of San Jeronimo (10am-5pm, Closed Monday) --> Palacio Nacional da Ajuda (10am-5pm, Closed Monday, Thursday) (23min walk) | E21: Activity | F21: 14min walk | G21: 0 | H21: =Portugal!$G21*1.38 -> 0 | J21: =Portugal!$I21*1.38 -> 0 | K21: Included with Lisboa Card; without 10 euros/person Monastery and 5 euros/person Palace
A22: =$A$18 -> 2 | B22: =B21 -> 44843 | C22: 0.5 | D22: LX Factory (9am-10:30pm) (Visit Ler Devagar, Pequeno Jardim, Sunday Market, and Street Art) | E22: Activity | F22: 12min transit | G22: 0 | H22: =Portugal!$G22*1.38 -> 0 | J22: =Portugal!$I22*1.38 -> 0
A23: =$A$18 -> 2 | B23: =B22 -> 44843 | C23: 0.54166667 | D23: Lunch Central da Avenida at LX Factory | E23: Food | F23: 19min transit | G23: 35 | H23: =Portugal!$G23*1.38 -> 48.3 | J23: =Portugal!$I23*1.38 -> 0
A24: =$A$18 -> 2 | B24: =B23 -> 44843 | C24: 0.58333333 | D24: Ginjinja Sem Rival (8am-12am) (3min walk) | E24: Activity | F24: 9min transit | G24: 5 | H24: =Portugal!$G24*1.38 -> 6.9 | J24: =Portugal!$I24*1.38 -> 0
A25: =$A$18 -> 2 | B25: =B24 -> 44843 | C25: 0.625 | D25: Santa Engracia National Pantheon (10am-6pm, Closed Monday) | E25: Activity | F25: 17min transit | G25: 0 | H25: =Portugal!$G25*1.38 -> 0 | J25: =Portugal!$I25*1.38 -> 0 | K25: Included with Lisboa Card; without 3 euros/person
A26: =$A$18 -> 2 | B26: =B25 -> 44843 | C26: 0.66666667 | D26: Miraouro das Portas do Sol --> Sao Jorge Castle (9am-9pm)(4min walk) | E26: Activity | F26: 10min walk | G26: 20 | H26: =Portugal!$G26*1.38 -> 27.6 | J26: =Portugal!$I26*1.38 -> 0
A27: =$A$18 -> 2 | B27: =B26 -> 44843 | C27: 0.70833333 | D27: Se Cathedral (Lisbon Cathedral 7am-7pm, Cloister and Treasury Closed Sunday) --> Praca do Commercio (7min walk) --> Arco da Rua Augusta (9am-7pm) (2min walk) | E27: Activity | F27: 8min walk | G27: 0 | H27: =Portugal!$G27*1.38 -> 0 | J27: =Portugal!$I27*1.38 -> 0 | K27: Included with Lisboa Card; without Arco Da Rua August 3 euros/person
A28: =$A$18 -> 2 | B28: =B27 -> 44843 | C28: 0.75 | D28: Dinner Cervejaria Ramiro (12pm-12am, Closed Monday) | E28: Food | F28: 9min transit | G28: 100 | H28: =Portugal!$G28*1.38 -> 138 | J28: =Portugal!$I28*1.38 -> 0
A29: =$A$18 -> 2 | B29: =B28 -> 44843 | C29: 0.79166667 | D29: Ice cream at Nannarella (12pm-12am) | E29: Food | F29: 25min transit | G29: 10 | H29: =Portugal!$G29*1.38 -> 13.8 | J29: =Portugal!$I29*1.38 -> 0
A30: =$A$18 -> 2 | B30: =B29 -> 44843 | C30: 0.83333333 | H30: =Portugal!$G30*1.38 -> 0 | J30: =Portugal!$I30*1.38 -> 0
A31: =$A$18 -> 2 | B31: =B30 -> 44843 | C31: 0.875 | D31: Hotel (Lisbon) | E31: Accomodation | F31: 3min walk | G31: 100 | H31: =Portugal!$G31*1.38 -> 138 | J31: =Portugal!$I31*1.38 -> 0 | K31: Casas de Sao Bento, Rua Correia Garcao, 3 Lisbon, 1200-640, Portugal
A32: =$A$18 -> 2 | B32: =B31 -> 44843 | C32: 0.91666667 | D32: Transit (72hour Lisboa Card) | E32: Travel | G32: 0 | H32: =Portugal!$G32*1.38 -> 0 | J32: =Portugal!$I32*1.38 -> 0
A33: =$A$18+1 -> 3 | B33: =B18+1 -> 44844 | C33: 0.33333333 | D33: Breakfast Bifana (O Trevo 7am - 9pm, Closed Sunday) | E33: Food | F33: 14min walk | G33: 10 | H33: =Portugal!$G33*1.38 -> 13.8 | J33: =Portugal!$I33*1.38 -> 0
A34: =$A$18+1 -> 3 | B34: =B33 -> 44844 | C34: 0.375 | D34: Head to Sintra Station (Drop off bags at Hotel) | E34: Travel | F34: 49min transit | G34: 0 | H34: =Portugal!$G34*1.38 -> 0 | J34: =Portugal!$I34*1.38 -> 0 | K34: Included in Lisboa Card
A35: =$A$18+1 -> 3 | B35: =B34 -> 44844 | C35: 0.41666667 | D35: Quinta de Regaleira (10am-5:30pm) | E35: Activity | F35: 10min transit | G35: 20 | H35: =Portugal!$G35*1.38 -> 27.6 | J35: =Portugal!$I35*1.38 -> 0 | K35: Take Bus 435 (Hop on/off round trip option). 20% discount with Lisboa Card, without 9 euros/person
A36: =$A$18+1 -> 3 | B36: =B35 -> 44844 | C36: 0.45833333 | D36: Palacio de Monserrate (9am-6:30pm) --> Palacio Nacional de Sintra (16min transit) | E36: Activity | F36: 6min transit | G36: =8*2-4 -> 12 | H36: =Portugal!$G36*1.38 -> 16.56 | J36: =Portugal!$I36*1.38 -> 0 | K36: Take Bus 435. 2 euros discount with Lisboa Card, without 8 euros/person
A37: =$A$18+1 -> 3 | B37: =B36 -> 44844 | C37: 0.5 | D37: Lunch in Sintra (Cantinho Gourmet 11am-9pm) | E37: Food | F37: 7min walk | G37: 25 | H37: =Portugal!$G37*1.38 -> 34.5 | J37: =Portugal!$I37*1.38 -> 0
A38: =$A$18+1 -> 3 | B38: =B37 -> 44844 | C38: 0.54166667 | D38: Casa Piriquita (Snack: Travesseiro and Queijada de Sintra!) (9:30am-7pm) | E38: Food | F38: 2min walk | G38: 3 | H38: =Portugal!$G38*1.38 -> 4.14 | J38: =Portugal!$I38*1.38 -> 0
A39: =$A$18+1 -> 3 | B39: =B38 -> 44844 | C39: 0.58333333 | D39: Castelos dos Mouros (9:30am-6pm) | E39: Activity | F39: 5min transit | G39: =8*2-4 -> 12 | H39: =Portugal!$G39*1.38 -> 16.56 | J39: =Portugal!$I39*1.38 -> 0 | K39: Take Bus 434. 2 euros discount with Lisboa Card, without 8 euros/person
A40: =$A$18+1 -> 3 | B40: =B39 -> 44844 | C40: 0.625 | H40: =Portugal!$G40*1.38 -> 0 | J40: =Portugal!$I40*1.38 -> 0
A41: =$A$18+1 -> 3 | B41: =B40 -> 44844 | C41: 0.66666667 | D41: Pena Palace (9am-6pm) --> Sintra Station (15min transit) | E41: Activity | F41: 5min transit | G41: =14*2-4 -> 24 | H41: =Portugal!$G41*1.38 -> 33.12 | J41: =Portugal!$I41*1.38 -> 0 | K41: Take Bus 434. 2 euros discount with Lisboa Card, without 14 euros/person
A42: =$A$18+1 -> 3 | B42: =B41 -> 44844 | C42: 0.70833333 | D42: Check in at hotel (earliest at 2pm) | E42: Travel | F42: 1min walk | G42: 0 | H42: =Portugal!$G42*1.38 -> 0 | J42: =Portugal!$I42*1.38 -> 0
A43: =$A$18+1 -> 3 | B43: =B42 -> 44844 | C43: 0.75 | H43: =Portugal!$G43*1.38 -> 0 | J43: =Portugal!$I43*1.38 -> 0
A44: =$A$18+1 -> 3 | B44: =B43 -> 44844 | C44: 0.79166667 | D44: Dinner Bacalhau na Vila (Closed Tues, Weds-Mon 12-5pm, 7-10pm) | E44: Food | F44: 10 min walk | G44: 45 | H44: =Portugal!$G44*1.38 -> 62.1 | J44: =Portugal!$I44*1.38 -> 0 | K44: Take Bus 434
A45: =$A$18+1 -> 3 | B45: =B44 -> 44844 | C45: 0.83333333 | H45: =Portugal!$G45*1.38 -> 0 | J45: =Portugal!$I45*1.38 -> 0
A46: =$A$18+1 -> 3 | B46: =B45 -> 44844 | C46: 0.875 | D46: Hotel (Sintra) | E46: Accomodation | F46: 1min walk | G46: 100 | H46: =Portugal!$G46*1.38 -> 138 | J46: =Portugal!$I46*1.38 -> 0 | K46: Aguamel Boutique Guest House - Escadinhas da Fonte da Pipa, 3 Sintra 2710-557 PT
A47: =$A$18+1 -> 3 | B47: =B46 -> 44844 | C47: 0.91666667 | D47: Transit | E47: Travel | G47: =10*2 -> 20 | H47: =Portugal!$G47*1.38 -> 27.6 | J47: =Portugal!$I47*1.38 -> 0
A48: =$A$18+2 -> 4 | B48: =B33+1 -> 44845 | C48: 0.33333333 | D48: Breakfast (Included with Aguamel Boutique Guest House) | E48: Food | G48: 15 | H48: =Portugal!$G48*1.38 -> 20.7 | J48: =Portugal!$I48*1.38 -> 0
A49: =$A$18+2 -> 4 | B49: =B48 -> 44845 | C49: 0.375 | D49: Head to Aveiro Old Train Station | E49: Travel | F49: 3h 22min train | G49: 55 | H49: =Portugal!$G49*1.38 -> 75.9 | J49: =Portugal!$I49*1.38 -> 0 | K49: Sintra --> Lisbon Oriente included in Lisboa Card, 21euros/person Lisbon to Aveiro Purchase Porto Card at Oriente Station
A50: =$A$18+2 -> 4 | B50: =B49 -> 44845 | C50: 0.41666667 | D50: Drop off luggage at Bus Station across street | E50: Travel | G50: 1.5 | H50: =Portugal!$G50*1.38 -> 2.07 | J50: =Portugal!$I50*1.38 -> 0
A51: =$A$18+2 -> 4 | B51: =B50 -> 44845 | C51: 0.45833333 | H51: =Portugal!$G51*1.38 -> 0 | J51: =Portugal!$I51*1.38 -> 0
A52: =$A$18+2 -> 4 | B52: =B51 -> 44845 | C52: 0.5 | D52: Lunch at Jeronymo at Train Station | E52: Food | F52: 30min bus | G52: 20 | H52: =Portugal!$G52*1.38 -> 27.6 | J52: =Portugal!$I52*1.38 -> 0 | K52: Take Transdev Bus L5951 from Bus Station
A53: =$A$18+2 -> 4 | B53: =B52 -> 44845 | C53: 0.54166667 | D53: Praia da Costa Nova/Costa Nova | E53: Activity | F53: 5min walk | G53: 0 | H53: =Portugal!$G53*1.38 -> 0 | J53: =Portugal!$I53*1.38 -> 0
A54: =$A$18+2 -> 4 | B54: =B53 -> 44845 | C54: 0.58333333 | D54: Praia da Barra --> Farol de Barra (Open Weds 2-5pm) | E54: Activity | F54: 29min walk | G54: 0 | H54: =Portugal!$G54*1.38 -> 0 | J54: =Portugal!$I54*1.38 -> 0
A55: =$A$18+2 -> 4 | B55: =B54 -> 44845 | C55: 0.625 | D55: Check-in at Airbnb 2pm earliest | E55: Accomodation | F55: 30min bus + 17min walk | G55: 0 | H55: =Portugal!$G55*1.38 -> 0 | J55: =Portugal!$I55*1.38 -> 0
A56: =$A$18+2 -> 4 | B56: =B55 -> 44845 | C56: 0.66666667 | D56: Aveiro Museum (Closed Monday, Tues-Sun 10am-12:30pm, 1:30-6:00pm) --> Se Cathedral (1min walk) --> Praca da Republica (5min walk) --> Take a Moliceiros Tour on Aveiro Canals (3min walk) | E56: Activity | F56: 10min walk | G56: 28 | H56: =Portugal!$G56*1.38 -> 38.64 | J56: =Portugal!$I56*1.38 -> 0 | K56: Aveiro Museum is 4euros/person, Moliceiros Tour is 10euros/person
A57: =$A$18+2 -> 4 | B57: =B56 -> 44845 | C57: 0.70833333 | D57: Snack ovos mole (Confeitaria Peixinho 10am-8pm) | E57: Food | F57: 3min walk | G57: 8 | H57: =Portugal!$G57*1.38 -> 11.04 | J57: =Portugal!$I57*1.38 -> 0
A58: =$A$18+2 -> 4 | B58: =B57 -> 44845 | C58: 0.75 | H58: =Portugal!$G58*1.38 -> 0 | J58: =Portugal!$I58*1.38 -> 0
A59: =$A$18+2 -> 4 | B59: =B58 -> 44845 | C59: 0.79166667 | D59: Dinner Salpoente Reservations at 7:30pm | E59: Food | F59: 11min walk | G59: 150 | H59: =Portugal!$G59*1.38 -> 207 | J59: =Portugal!$I59*1.38 -> 0
A60: =$A$18+2 -> 4 | B60: =B59 -> 44845 | C60: 0.83333333 | H60: =Portugal!$G60*1.38 -> 0 | J60: =Portugal!$I60*1.38 -> 0
A61: =$A$18+2 -> 4 | B61: =B60 -> 44845 | C61: 0.875 | D61: Airbnb (Aveiro) | E61: Accomodation | F61: 7min walk | G61: 75 | H61: =Portugal!$G61*1.38 -> 103.5 | J61: =Portugal!$I61*1.38 -> 0 | K61: Travessa do Arco 20, Apartamento, Aveiro, 3800-103, Portugal
A62: =$A$18+2 -> 4 | B62: =B61 -> 44845 | C62: 0.91666667 | D62: Transit | E62: Travel | G62: 10 | H62: =Portugal!$G62*1.38 -> 13.8 | J62: =Portugal!$I62*1.38 -> 0
A63: =$A$18+3 -> 5 | B63: =B48+1 -> 44846 | C63: 0.33333333 | H63: =Portugal!$G63*1.38 -> 0 | J63: =Portugal!$I63*1.38 -> 0
A64: =$A$18+3 -> 5 | B64: =B63 -> 44846 | C64: 0.375 | D64: Breakfast Cafe a Barrica (9am-7pm) | E64: Food | F64: 3min walk | G64: 10 | H64: =Portugal!$G64*1.38 -> 13.8 | J64: =Portugal!$I64*1.38 -> 0
A65: =$A$18+3 -> 5 | B65: =B64 -> 44846 | C65: 0.41666667 | D65: Train to Porto (Sao Bento Station) | E65: Travel | F65: 1h 22min train | G65: 8 | H65: =Portugal!$G65*1.38 -> 11.04 | J65: =Portugal!$I65*1.38 -> 0
A66: =$A$18+3 -> 5 | B66: =B65 -> 44846 | C66: 0.45833333 | D66: Locker for bags at Sao Bento Station | E66: Travel | G66: 5 | H66: =Portugal!$G66*1.38 -> 6.9 | J66: =Portugal!$I66*1.38 -> 0
A67: =$A$18+3 -> 5 | B67: =B66 -> 44846 | C67: 0.5 | D67: Lunch Casa de Pasto O Golfinho for Francesinha (12-3pm 7:30-10:30pm, Closed Sunday) | E67: Food | F67: 9min walk | G67: 20 | H67: =Portugal!$G67*1.38 -> 27.6 | J67: =Portugal!$I67*1.38 -> 0
A68: =$A$18+3 -> 5 | B68: =B67 -> 44846 | C68: 0.54166667 | D68: Igreja do Carmo 9am-6pm --> Livraria Lello 9am-7pm (2min walk) | E68: Activity | F68: 2min walk | G68: 10 | H68: =Portugal!$G68*1.38 -> 13.8 | J68: =Portugal!$I68*1.38 -> 0
A69: =$A$18+3 -> 5 | B69: =B68 -> 44846 | C69: 0.58333333 | D69: Clerigos church 9am-7pm (5min walk) --> Praca de Liberdade/Avenida dos Aliados (3min walk) --> Sao Bento Station (3min walk) (See Azulejos) --> Cais da Ribiera (11min walk) --> Praca de infante Square (6min walk) | E69: Activity | F69: 1hour walk | G69: =3*2 -> 6 | H69: =Portugal!$G69*1.38 -> 8.28 | J69: =Portugal!$I69*1.38 -> 0 | K69: 50% discount on Clerigos Church; 6euro/person without
A70: =$A$18+3 -> 5 | B70: =B69 -> 44846 | C70: 0.625 | D70: Ice cream at Gelatopia (1-7pm Sun-Thurs, 1-8pm Fri-Sat) | E70: Food | F70: 2min walk | G70: 8 | H70: =Portugal!$G70*1.38 -> 11.04 | J70: =Portugal!$I70*1.38 -> 0
A71: =$A$18+3 -> 5 | B71: =B70 -> 44846 | C71: 0.66666667 | D71: Palacio da Bolsa (2min walk) (9am-6:30pm) | E71: Activity | F71: 2min walk | G71: =7.5*2 -> 15 | H71: =Portugal!$G71*1.38 -> 20.7 | J71: =Portugal!$I71*1.38 -> 0 | K71: 25% discount, 10 euros/person without
A72: =$A$18+3 -> 5 | B72: =B71 -> 44846 | C72: 0.70833333 | D72: Opulent igreja de Sao Francisco (9am-8pm) | E72: Activity | F72: 1min walk | G72: =17*0.75 -> 12.75 | H72: =Portugal!$G72*1.38 -> 17.595 | J72: =Portugal!$I72*1.38 -> 0 | K72: 25% discount (8 euros/person without)
A73: =$A$18+3 -> 5 | B73: =B72 -> 44846 | C73: 0.75 | H73: =Portugal!$G73*1.38 -> 0 | J73: =Portugal!$I73*1.38 -> 0
A74: =$A$18+3 -> 5 | B74: =B73 -> 44846 | C74: 0.79166667 | D74: Dinner Taberna d'Avo | E74: Food | F74: 22min walk | G74: 20 | H74: =Portugal!$G74*1.38 -> 27.6 | J74: =Portugal!$I74*1.38 -> 0
A75: =$A$18+3 -> 5 | B75: =B74 -> 44846 | C75: 0.83333333 | D75: Beer (Letraria Craft Beer Garden 5pm-12am) | E75: Food | F75: 4min walk | G75: 10 | H75: =Portugal!$G75*1.38 -> 13.8 | J75: =Portugal!$I75*1.38 -> 0
A76: =$A$18+3 -> 5 | B76: =B75 -> 44846 | C76: 0.875 | D76: Airbnb | E76: Accomodation | F76: 13min walk | G76: 95 | H76: =Portugal!$G76*1.38 -> 131.1 | J76: =Portugal!$I76*1.38 -> 0 | K76: R. das Flores 54, 4050-265 Porto, Portugal
A77: =$A$18+3 -> 5 | B77: =B76 -> 44846 | C77: 0.91666667 | D77: Transit | E77: Travel | G77: 20 | H77: =Portugal!$G77*1.38 -> 27.6 | J77: =Portugal!$I77*1.38 -> 0 | K77: Porto Card Pedestrian 24 hour pass = 6 euros/person: https://www.portocard.city/en/
A78: =$A$18+4 -> 6 | B78: =B63+1 -> 44847 | C78: 0.33333333 | D78: Breakfast at Farina | E78: Food | F78: 12min walk | G78: 10 | H78: =Portugal!$G78*1.38 -> 13.8 | J78: =Portugal!$I78*1.38 -> 0
A79: =$A$18+4 -> 6 | B79: =B78 -> 44847 | C79: 0.375 | D79: Duoro Valley Tour (Lunch and Wineries Included) | E79: Activity | G79: 250 | H79: =Portugal!$G79*1.38 -> 345 | J79: =Portugal!$I79*1.38 -> 0
A80: =$A$18+4 -> 6 | B80: =B79 -> 44847 | C80: 0.41666667 | H80: =Portugal!$G80*1.38 -> 0 | J80: =Portugal!$I80*1.38 -> 0
A81: =$A$18+4 -> 6 | B81: =B80 -> 44847 | C81: 0.45833333 | H81: =Portugal!$G81*1.38 -> 0 | J81: =Portugal!$I81*1.38 -> 0 | K81: https://www.getyourguide.com/porto-l151/around-the-douro-valley-all-included-t73660/
A82: =$A$18+4 -> 6 | B82: =B81 -> 44847 | C82: 0.5 | H82: =Portugal!$G82*1.38 -> 0 | J82: =Portugal!$I82*1.38 -> 0
A83: =$A$18+4 -> 6 | B83: =B82 -> 44847 | C83: 0.54166667 | H83: =Portugal!$G83*1.38 -> 0 | J83: =Portugal!$I83*1.38 -> 0
A84: =$A$18+4 -> 6 | B84: =B83 -> 44847 | C84: 0.58333333 | H84: =Portugal!$G84*1.38 -> 0 | J84: =Portugal!$I84*1.38 -> 0
A85: =$A$18+4 -> 6 | B85: =B84 -> 44847 | C85: 0.625 | H85: =Portugal!$G85*1.38 -> 0 | J85: =Portugal!$I85*1.38 -> 0
A86: =$A$18+4 -> 6 | B86: =B85 -> 44847 | C86: 0.66666667 | H86: =Portugal!$G86*1.38 -> 0 | J86: =Portugal!$I86*1.38 -> 0
A87: =$A$18+4 -> 6 | B87: =B86 -> 44847 | C87: 0.70833333 | H87: =Portugal!$G87*1.38 -> 0 | J87: =Portugal!$I87*1.38 -> 0
A88: =$A$18+4 -> 6 | B88: =B87 -> 44847 | C88: 0.75 | H88: =Portugal!$G88*1.38 -> 0 | J88: =Portugal!$I88*1.38 -> 0
A89: =$A$18+4 -> 6 | B89: =B88 -> 44847 | C89: 0.79166667 | D89: Dinner Gazela Cachorrinhos da Batalha (12-10:30pm, Sunday Closed) | E89: Food | G89: 15 | H89: =Portugal!$G89*1.38 -> 20.7 | J89: =Portugal!$I89*1.38 -> 0
A90: =$A$18+4 -> 6 | B90: =B89 -> 44847 | C90: 0.83333333 | H90: =Portugal!$G90*1.38 -> 0 | J90: =Portugal!$I90*1.38 -> 0
A91: =$A$18+4 -> 6 | B91: =B90 -> 44847 | C91: 0.875 | D91: Airbnb | E91: Accomodation | F91: 8min walk | G91: 95 | H91: =Portugal!$G91*1.38 -> 131.1 | J91: =Portugal!$I91*1.38 -> 0 | K91: Rua Das Flores, nº54 - 1 Frente 4050-262 Porto
A92: =$A$18+4 -> 6 | B92: =B91 -> 44847 | C92: 0.91666667 | D92: Transit | E92: Travel | G92: 0 | H92: =Portugal!$G92*1.38 -> 0 | J92: =Portugal!$I92*1.38 -> 0
A93: =$A$18+5 -> 7 | B93: =B78+1 -> 44848 | C93: 0.33333333 | H93: =Portugal!$G93*1.38 -> 0 | J93: =Portugal!$I93*1.38 -> 0
A94: =$A$18+5 -> 7 | B94: =B93 -> 44848 | C94: 0.375 | D94: Breakfast Mercado de Bolhau | E94: Food | F94: 10min walk | G94: 10 | H94: =Portugal!$G94*1.38 -> 13.8 | J94: =Portugal!$I94*1.38 -> 0
A95: =$A$18+5 -> 7 | B95: =B94 -> 44848 | C95: 0.41666667 | D95: Porto Cathedral (9am-6:30pm), Bishop's Palace | E95: Activity | F95: 11min walk | G95: 12 | H95: =Portugal!$G95*1.38 -> 16.56 | J95: =Portugal!$I95*1.38 -> 0 | K95: Cathedral is free, but inner sections is 3euros/person. Bishop's palace and cathedral is 6 euros/person
A96: =$A$18+5 -> 7 | B96: =B95 -> 44848 | C96: 0.45833333 | D96: Muralha Fernadina --> Dom Luis Bridge (2min walk) --> Mosteiro da Serra de Pilar (1min walk) --> Half Rabbit (11min walk) | E96: Activity | F96: 3min walk | G96: 0 | H96: =Portugal!$G96*1.38 -> 0 | J96: =Portugal!$I96*1.38 -> 0
A97: =$A$18+5 -> 7 | B97: =B96 -> 44848 | C97: 0.5 | D97: Coffee at 7G Roasters (9:30am-7pm) | E97: Food | F97: 2min walk | G97: 10 | H97: =Portugal!$G97*1.38 -> 13.8 | J97: =Portugal!$I97*1.38 -> 0
A98: =$A$18+5 -> 7 | B98: =B97 -> 44848 | C98: 0.54166667 | D98: Lunch Meet & Taste | E98: Food | F98: 3min walk | G98: 35 | H98: =Portugal!$G98*1.38 -> 48.3 | J98: =Portugal!$I98*1.38 -> 0
A99: =$A$18+5 -> 7 | B99: =B98 -> 44848 | C99: 0.58333333 | D99: Porto Port Tasting in Vila Nova de Gaia at Graham's Port Lodge at 2:30pm | E99: Activity | F99: 12min walk | G99: 50 | H99: =Portugal!$G99*1.38 -> 69 | J99: =Portugal!$I99*1.38 -> 0
A100: =$A$18+5 -> 7 | B100: =B99 -> 44848 | C100: 0.625 | D100: Tasting at Cockburn's | E100: Activity | G100: 30 | H100: =Portugal!$G100*1.38 -> 41.4 | J100: =Portugal!$I100*1.38 -> 0
A101: =$A$18+5 -> 7 | B101: =B100 -> 44848 | C101: 0.66666667 | D101: Churchill's 1982 Garden Bar (Fri-Sun 1-8pm) | E101: Activity | F101: 5min walk | G101: 10 | H101: =Portugal!$G101*1.38 -> 13.8 | J101: =Portugal!$I101*1.38 -> 0
...

Sheet Pivot Table 1
A2: Italy
B3: Category | C3: SUM of Budget Cost ($CAD) | D3: SUM of Actual Cost ($CAD) | F3: Day | G3: Sum of Budget Cost ($CAD) | H3: Sum of Actual Cost ($CAD)
B4: Accomodation | C4: 966 | D4: 0 | F4: 1 | G4: 2511.6 | H4: 0
B5: Activity | C5: 207 | D5: 0 | F5: 2 | G5: 1218.54 | H5: 0
B6: Car | C6: 1388.28 | D6: 0 | F6: 3 | G6: 274.62 | H6: 0
B7: Food | C7: 652.74 | D7: 0 | F7: 4 | G7: 241.5 | H7: 0
B8: Travel | C8: 3107.76 | D8: 0 | F8: 5 | G8: 342.24 | H8: 0
B9: (blank) | C9: 0 | D9: 0 | F9: 6 | G9: 372.6 | H9: 0
B10: Grand Total | C10: 6321.78 | D10: 0 | F10: 7 | G10: 373.98 | H10: 0
F11: 8 | G11: 361.56 | H11: 0
F12: 9 | G12: 625.14 | H12: 0
F13: Grand Total | G13: 6321.78 | H13: 0
A20: Portugal
B21: Category | C21: SUM of Budget Cost ($CAD) | D21: SUM of Actual Cost ($CAD) | F21: Day | G21: Sum of Budget Cost ($CAD) | H21: Sum of Actual Cost ($CAD)
B22: Accomodation | C22: 1048.8 | D22: 0 | F22: 1 | G22: 329.82 | H22: 0
B23: Activity | C23: 761.415 | D23: 0 | F23: 2 | G23: 386.4 | H23: 0
B24: Food | C24: 975.66 | D24: 0 | F24: 3 | G24: 373.98 | H24: 0
B25: Travel | C25: 496.11 | D25: 0 | F25: 4 | G25: 500.25 | H25: 0
B26: (blank) | C26: 0 | D26: 0 | F26: 5 | G26: 330.855 | H26: 0
B27: Grand Total | C27: 3281.985 | D27: 0 | F27: 6 | G27: 510.6 | H27: 0
F28: 7 | G28: 415.38 | H28: 0
F29: 8 | G29: 400.2 | H29: 0
F30: 9 | G30: 34.5 | H30: 0
F31: Grand Total | G31: 3281.985 | H31: 0
